 Dungeon Crawl Stone Soup version 0.19-a0-854-gc78d25d (webtiles) character file.

1617 Charly the Basher (level 8, -2/76 HPs)
             Began as a Gargoyle Skald on July 1, 2016.
             Was a Believer of Okawaru.
             Splashed by a jelly's acid (4 damage)
             ... on level 8 of the Dungeon.
             The game lasted 00:38:20 (2241 turns).

Charly the Basher (Gargoyle Skald)                  Turns: 2241, Time: 00:38:21

Health: -2/76      AC:  0    Str: 15    XL:     8   Next: 96%
Magic:  9/11       EV:  2    Int: 14    God:    Okawaru [**....]
Gold:   180        SH:  0    Dex: 17    Spells: 1 memorised, 10 levels left

rFire  . . .     SeeInvis .     r - +3 whip (vamp)
rCold  . . .     Gourm    .     (armour currently unavailable)
rNeg   + + +     Faith    .     (no shield)
rPois  ∞         Spirit   .     (helmet currently unavailable)
rElec  .         Dismiss  .     (cloak currently unavailable)
rCorr  .         Reflect  .     (gloves currently unavailable)
SustAt .         Harm     .     (boots currently unavailable)
MR     .....     Rnd*Rage +     (no amulet)
Stlth  ++++...... NoTele   +    (no ring)
                                h - +6 ring of dexterity

@: tree-form, heroism, corroded, not resistant to hostile enchantments, stealthy
A: (hooves 0), berserk 2, negative energy resistance 1, (electricity
resistance), (unbreathing), petrification resistance, rot immunity, AC +5
a: Heroism, Renounce Religion


You were on level 8 of the Dungeon.
You worshipped Okawaru.
Okawaru was pleased with you.
You were not hungry.
You were a tree.
You visited 2 branches of the dungeon, and saw 10 of its levels.

You collected 180 gold pieces.

Inventory:

Hand Weapons
 r - a +3 vampiric whip (weapon)
Missiles
 p - 6 poisoned needles
Armour
 i - a +0 plate armour (melded)
 y - a +0 leather armour of magic resistance
Jewellery
 h - a +6 ring of dexterity (left branch)
Scrolls
 a - 3 scrolls of magic mapping {unknown}
 b - a scroll of vulnerability {unknown}
 d - a scroll of remove curse
 e - 3 scrolls of teleportation {unknown}
 j - a scroll of random uselessness {unknown}
 k - 2 scrolls of amnesia {unknown}
 m - a scroll of fear {unknown}
 n - 2 scrolls of recharging {unknown}
 q - a scroll of noise {unknown}
 s - a scroll of enchant armour {unknown}
 t - 3 scrolls of immolation {unknown}
Potions
 f - a potion of haste
 g - 2 potions of curing
 o - a potion of lignification
Books
 c - a book of Battle

   Spells                             Type                      Level
   a - Infusion                       Charms                       1
   b - Shroud of Golubria             Charms/Translocation         2
   c - Song of Slaying                Charms                       2
   d - Spectral Weapon                Hexes/Charms                 3
   e - Regeneration                   Charms/Necromancy            3
Comestibles
 v - 2 meat rations
 z - a bread ration


   Skills:
 + Level 6.1(11.1) Fighting
 * Level 8.9(13.9) Maces & Flails
 + Level 4.5(9.5) Armour
 - Level 0.7(5.7) Dodging
 - Level 2.0 Spellcasting
 - Level 2.6 Charms


You had 10 spell levels left.
You knew the following spells:

 Your Spells              Type           Power        Failure   Level  Hunger
i - Infusion              Chrm           #...         10%         1    ##.....


Dungeon Overview and Level Annotations

Branches:
Dungeon (9/15)             Temple (1/1) D:5
   Lair: D:8-11         Orc: D:9-12

Altars:
Ashenzari
Cheibriados
Dithmenos
Elyvilon
Fedhas
Gozag
Hepliaklqana
Kikubaaqudgha
Makhleb
Nemelex Xobeh
Okawaru
Pakellas
Ru
Trog
Xom
Zin

Shops:
D:6 }

Annotations:
D:3 Charly's ghost, weakling CeNe


Innate Abilities, Weirdness & Mutations

You are resistant to torment.
((Your stone body is resilient. (AC +5)))
You are immune to poison.
You resist negative energy. (rN+)
((You are resistant to electric shocks. (rElec)))
((You can survive without breathing.))
You are immune to petrification.
You are immune to rotting.
((You have large cloven feet.))
You often lose your temper in combat.


Message History

You gain the combat prowess of a mighty hero.
The jelly hits you but does no damage.
Unknown command.
You hit the jelly but do no damage. The acid corrodes you!
Your branches burn!
The jelly is heavily wounded.
The ice beast hits you. The ice beast freezes you!
* * * LOW HITPOINT WARNING * * *
It was a potion of mutation.
You feel extremely strange.
Your feet thicken and deform.
You feel a little pissed off.
You feel angry. The jelly hits you.
* * * LOW HITPOINT WARNING * * *
You are splashed with acid!
The acid burns!
* * * LOW HITPOINT WARNING * * *
The ice beast barely misses you.
You hit the jelly.
Your branches burn!
* * * LOW HITPOINT WARNING * * *
The jelly is severely wounded.
The jelly hits you but does no damage.
You hit the jelly but do no damage. The acid corrodes you!
Your branches burn!
You die...

.########
......Y.#
#♣# #J#
#.#
#.##.#
#.##.#
#.##.#
#.##.#
#.##.#
#.##.#..


You could see an ice beast and a jelly.

Vanquished Creatures
  Pikel (D:8)
  A wyvern (D:9)
  A sky beast (D:8)
  An orc warrior (D:6)
  3 slaves (D:8)
  A centaur (D:8)
  A scorpion (D:4)
  3 crimson imps
  2 centaur zombies
  An orc priest (D:4)
  A hound (D:4)
  A giant frog skeleton (D:4)
  4 orc wizards
  5 worker ants
  7 gnolls
  5 adders
  A shadow imp (D:7)
  An adder skeleton (D:8)
  A worm (D:2)
  A dart slug (D:3)
  3 giant geckos
  23 orcs
  A ball python (D:3)
  5 giant cockroaches
  A goblin (D:2)
  2 hobgoblins (D:3)
  5 jackals
  3 kobolds
  4 quokkas
  2 bats (D:2)
  3 giant newts
  2 rats
96 creatures vanquished.

Vanquished Creatures (others)
  A withered plant (D:8)
1 creature vanquished.

Grand Total: 97 creatures vanquished

Notes
Turn   | Place    | Note
-------+----------+-------------------------------------------
     0 | D:1      | Charly the Gargoyle Skald began the quest for the Orb.
     0 | D:1      | Reached XP level 1. HP: 12/12 MP: 3/3
    88 | D:2      | Reached XP level 2. HP: 7/17 MP: 5/5
   117 | D:3      | +6dex
   136 | D:2      | Reached skill level 3 in Maces & Flails
   269 | D:2      | Reached XP level 3. HP: 11/21 MP: 6/6
   391 | D:4      | Reached skill level 4 in Maces & Flails
   391 | D:4      | Reached XP level 4. HP: 26/26 MP: 7/7
   392 | D:4      | vamp whip
   559 | D:3      | Reached XP level 5. HP: 31/31 MP: 8/8
   564 | D:3      | Noticed Charly's ghost (weakling CeNe)
   644 | D:4      | Reached skill level 5 in Maces & Flails
   767 | D:4      | Reached XP level 6. HP: 35/37 MP: 9/9
   807 | D:4      | Found a sacrificial altar of Ru.
   831 | D:4      | Reached skill level 6 in Maces & Flails
   897 | D:5      | Entered Level 5 of the Dungeon
  1068 | D:5      | Found a staircase to the Ecumenical Temple.
  1079 | Temple   | Entered the Ecumenical Temple
  1115 | Temple   | Became a worshipper of Warmaster Okawaru
  1286 | D:7      | Reached XP level 7. HP: 30/43 MP: 10/10
  1308 | D:7      | Noticed a hungry ghost
  1335 | D:6      | Found Jiess's Gadget Boutique.
  1640 | D:7      | Reached skill level 7 in Maces & Flails
  1782 | D:9      | Noticed a wyvern
  1793 | D:9      | Killed a wyvern
  1793 | D:9      | Reached * piety under Okawaru
  1844 | D:8      | Reached XP level 8. HP: 14/48 MP: 8/11
  1897 | D:8      | 16/4
  1960 | D:8      | Found a white marble altar of Elyvilon.
  1960 | D:8      | Noticed Pikel
  2042 | D:8      | Killed Pikel
  2042 | D:8      | Reached ** piety under Okawaru
  2042 | D:8      | Reached skill level 5 in Fighting
  2042 | D:8      | Reached skill level 8 in Maces & Flails
  2239 | D:8      | Gained mutation: You have large cloven feet. [potion of mutation]
  2239 | D:8      | Gained mutation: You tend to lose your temper in combat. [potion of mutation]
  2239 | D:8      | Gained mutation: You often lose your temper in combat. [potion of mutation]
  2240 | D:8      | HP: 2/76 [acid (4)]
  2241 | D:8      | Splashed by a jelly's acid

Vault maps used:
D:1:      lemuel_arrival_tunnels
D:2:      first_bread, kennysheep_generic_room_8
D:4:      nicolae_ru_the_path_less_chosen
D:5:      kennysheep_mini_moat, minitemple
D:6:      serial_shops, nicolae_shop_trees, serial_curves, eino_curves_02,
          eino_curves_04, eino_curves_04
D:7:      uniq_crazy_yiuf_cottage
D:8:      yredelemnul_altar_generic, basic_altar, uniq_pikel
D:9:      eat_drink_and_be_merry_uskayaw
Temple:   compressed_dpeg_circular_temple

Skill      XL: |  1  2  3  4  5  6  7  8 |
---------------+-------------------------+-----
Maces & Flails | 3 4 5 6 7 8 |  8.9
Fighting       | 3 4 6 |  6.1
Armour         | 3 4 |  4.5
Dodging        | |  0.7
Spellcasting   | |  2.0
Charms         | |  2.6

Action                   |  1- 3 |  4- 6 |  7- 9 || total
-------------------------+-------+-------+-------++-------
Melee: Mace              |    63 |       |       ||    63
       Trident           |     7 |       |       ||     7
       Whip              |    16 |   181 |   305 ||   502
Throw: Throwing net      |       |     1 |     3 ||     4
       Javelin           |       |       |     4 ||     4
Invok: Heroism           |       |       |     4 ||     4
  Use: Scroll            |       |     6 |     2 ||     8
       Potion            |       |       |     4 ||     4
 Stab: Held in net/web   |       |       |     1 ||     1
  Eat: Pizza             |     1 |       |       ||     1
       Bread ration      |     1 |       |       ||     1
       Beef jerky        |       |     1 |     1 ||     2
       Chunk             |       |       |     2 ||     2
Armor: Chain mail        |    82 |   112 |       ||   194
       Plate armour      |       |    10 |   179 ||   189
       Skin              |       |       |     3 ||     3
Dodge: Dodged            |    29 |    42 |    44 ||   115
